 Dungeon Crawl Stone Soup version 0.30-a0-939-gc8157cb160 (webtiles) character file.

Game seed: 8670781489440474491

3192 pokeman the Thaumaturge (level 9, 0/40 (48) HPs)
             Began as a Deep Elf Hedge Wizard on Mar 25, 2023.
             Slain by a wight
             ... wielding a +0 morningstar of protection
              (7 damage)
             ... on level 7 of the Dungeon.
             The game lasted 00:21:11 (7421 turns).

pokeman the Thaumaturge (Deep Elf Hedge Wizard)     Turns: 7421, Time: 00:21:12

HP:   0/40 (48)     AC:  8    Str: 11    XL:     9   Next: 64%
MP:   27/27         EV: 17    Int: 24    God:
Gold: 607           SH:  0    Dex: 14    Spells: 20/32 levels left

rFire   + . .      SeeInvis +    z - +3 hammer of the Bouncing Princes {freeze, Str+4 SInv}
rCold   . . .      Faith    .    (no shield)
rNeg    . . .      Spirit   .    B - +1 leather armour {rF+}
rPois   .          Reflect  .    G - +0 helmet
rElec   .          Rampage  .    y - +0 cloak
rCorr   .                        t - +0 pair of gloves
Will    .....                    D - +0 pair of boots
Stlth   ++                       s - amulet of magic regeneration
HPRegen 0.26/turn                e - +5 ring of evasion
MPRegen 0.60/turn                (no ring)

@: heavily drained
A: no striking features
a: no special abilities


You were on level 7 of the Dungeon.
You visited 2 branches of the dungeon, and saw 8 of its levels.
You also visited: Bailey.

You collected 607 gold pieces.

Inventory:

Hand Weapons
 x - a +3 quarterstaff of chaos
 z - the +3 hammer of the Bouncing Princes (weapon) {freeze, Str+4 SInv}
   (You found it on level 3 of the Dungeon)

   Str:       It affects your strength (+4).
   SInv:      It lets you see invisible.
Missiles
 E - 2 throwing nets
Armour
 t - a +0 pair of gloves (worn)
 y - a +0 cloak (worn)
 B - a +1 leather armour of fire resistance (worn)
 D - a +0 pair of boots (worn)
 G - a +0 helmet (worn)
Jewellery
 e - a +5 ring of evasion (left hand)
 s - an amulet of magic regeneration (around neck)
Scrolls
 a - 2 scrolls of amnesia {unknown}
 b - 3 scrolls of fear {unknown}
 g - 2 scrolls of poison {unknown}
 h - 6 scrolls of identify {unknown}
 j - 4 scrolls of noise {unknown}
 o - a scroll of magic mapping {unknown}
 q - a scroll of brand weapon {unknown}
 A - a scroll of enchant armour {unknown}
 C - a scroll of teleportation {unknown}
Potions
 d - 3 potions of magic
 i - 2 potions of might {unknown}
 k - 4 potions of haste
 l - 3 potions of lignification {unknown}
 m - 6 potions of brilliance {unknown}
 n - 4 potions of curing
 p - 3 potions of flight {unknown}
 r - a potion of attraction {unknown}
 u - 3 potions of invisibility
 v - a potion of heal wounds {unknown}
 w - 3 potions of cancellation {unknown}
 F - a potion of resistance


   Skills:
 - Level 2.0 Fighting
 + Level 2.8 Armour
 - Level 3.2 Dodging
 - Level 3.0 Stealth
 - Level 3.0 Shields
 * Level 12.0 Spellcasting
 + Level 6.6 Conjurations
 + Level 5.8 Summonings
 - Level 1.1 Translocations
 - Level 1.1 Air Magic
 - Level 1.0 Poison Magic


You had 20 spell levels left.
You knew the following spells:

 Your Spells              Type           Power      Damage    Failure   Level
a - Magic Dart            Conj           100%       1d8       1%          1
b - Mephitic Cloud        Conj/Pois/Air  28%        N/A       4%          3
c - Call Imp              Summ           42%        N/A       1%          2
d - Blink                 Tloc           38%        N/A       5%          2
e - Summon Ice Beast      Ice/Summ       28%        N/A       16%         4

Your spell library contained the following spells:

 Spells                   Type           Power      Damage    Failure   Level
 Slow                     Hex            56%        N/A       5%          1
 Cigotuvi's Dreadful Rot  Necr/Pois/Air  34%        N/A       6%          2
 Sublimation of Blood     Necr           14%        N/A       9%          2
 Wereblood                Tmut           14%        N/A       9%          2
 Frozen Ramparts          Ice            28%        1d5       16%         3
 Ice Form                 Ice/Tmut       14%        N/A       47%         4
 Summon Hydra             Summ           21%        N/A       99%         7


Dungeon Overview and Level Annotations

Branches:
Dungeon (8/15)             Temple (1/1) D:5            Lair (0/5) D:8
 Bailey (visited)

Altars:
Cheibriados
Dithmenos
Elyvilon
Gozag
Hepliaklqana
Kikubaaqudgha
Makhleb
Nemelex Xobeh
Okawaru
Qazlal
Ru
Sif Muna
Wu Jian
Xom
Yredelemnul
Zin

Shops:
D:3 *   D:8 =??*(

Annotations:
D:5 2 transporters, roninjake's ghost, novice GnWn
D:8 2 transporters, Beryl's ghost, novice MiFi


Message History

Aiming: Magic Dart (safe; 1% risk of failure)
Press: ? - help, Shift-Dir - straight line, f/p - wight
Aim: a wight, wielding a +0 morningstar of protection and wearing a +0 robe (100% to hit)
The magic dart hits the wight but does no damage.
The wight hits your ice beast with a +3 mace.
Something closely misses your ice beast.
Your ice beast closely misses the wight.
You hit the wight but do no damage.
The wight hits your ice beast with a +3 mace!
Your ice beast dies!
Your ice beast disappears in a puff of smoke!
The wight hits you with a +0 morningstar of protection.
You feel drained. The wight completely misses you.
Unknown command.
Casting: Magic Dart (safe; 1% risk of failure)
Confirm with . or Enter, or press ? or * to list all spells.
The spell is quite dangerous to miscast (16% risk of failure)!
Continue anyway?
A chill wind blows around you. The wight closely misses you.
You barely miss the wight.
The wight hits you with a +0 morningstar of protection!
You feel drained.
* * * LOW HITPOINT WARNING * * *
Your ice beast hits the wight but does no damage.
Unknown command.
The wight attacks as you move away! The wight misses you.
Your ice beast hits the wight.
Your ice beast freezes the wight.
The wight resists.
Things that are here:
a +0 robe; a +4 short sword You hit the wight but do no damage.
The wight is moderately damaged.
The wight barely misses your ice beast.
The wight hits you with a +0 morningstar of protection.
* * * LOW HITPOINT WARNING * * *
Your ice beast barely misses the wight.
The wight hits your ice beast with a +0 short sword!
The wight misses you. The wight attacks as you move away!
The wight hits you with a +0 morningstar of protection!
You die...

##..# #. #+# #...#
+...# ##..# ####..##
...... #......#
...... #......#
...... +......##
#...# #####@..#
##...#########.z####
......#.....#zY..#
......#.....'z...#
......'.....#....#
......#.....#....#
##..###...#####..#
##..###>.(########
....#......#...#


You could see 3 wights and a friendly ice beast (summoned).

Vanquished Creatures
  A troll (D:8)
  A wyvern (D:7)
  A water moccasin (D:7)
  A sky beast (D:7)
  An ice beast (D:7)
  An ogre (D:3)
  3 wolves (D:8)
  2 kobold brigands (D:8)
  2 scorpions (D:5)
  2 gnoll sergeants
  A wight (D:7)
  2 electric eels (D:8)
  6 crimson imps (D:8)
  An orc priest (D:8)
  5 hounds (D:8)
  Crazy Yiuf (D:3)
  4 iguanas
  A gnoll bouda (D:8)
  A sleepcap (D:5)
  7 orc wizards
  24 gnolls
  4 adders
  2 shadow imps (D:8)
  2 white imps (D:8)
  A worm (D:2)
  35 orcs
  A ball python (D:4)
  5 endoplasms
  3 giant cockroaches
  11 goblins
  7 hobgoblins
  A quokka (D:4)
  4 bats
  6 frilled lizards
  10 kobolds
  5 rats
165 creatures vanquished.

Vanquished Creatures (collateral kills)
  An orc knight (Bailey)
  A sky beast (D:7)
  Terence (D:3)
  A giant cockroach (D:1)
  A kobold (D:8)
5 creatures vanquished.

Vanquished Creatures (others)
  An electric eel (D:8)
  6 plants (D:8)
7 creatures vanquished.

Grand Total: 177 creatures vanquished

Notes
Turn   | Place    | Note
-------+----------+-------------------------------------------
     0 | D:1      | pokeman the Deep Elf Hedge Wizard began the quest for the
                  | Orb.
     0 | D:1      | Reached XP level 1. HP: 10/10 MP: 7/7
   263 | D:1      | Reached XP level 2. HP: 9/16 MP: 1/9
   754 | D:1      | Reached skill level 5 in Spellcasting
   896 | D:2      | Found a faded altar of an unknown god.
   902 | D:2      | Reached XP level 3. HP: 20/20 MP: 5/11
   906 | D:2      | Learned a level 3 spell: Mephitic Cloud
   999 | D:1      | Learned a level 2 spell: Call Imp
  1002 | D:1      | Learned a level 2 spell: Blink
  1145 | D:2      | Reached skill level 1 in Fighting
  1145 | D:2      | Reached skill level 1 in Armour
  1274 | D:2      | Reached XP level 4. HP: 25/25 MP: 1/13
  2140 | D:3      | Noticed an ogre
  2151 | D:3      | Killed an ogre
  2152 | D:3      | Reached skill level 1 in Shields
  2152 | D:3      | Reached skill level 6 in Spellcasting
  2152 | D:3      | Reached XP level 5. HP: 29/29 MP: 5/15
  2346 | D:3      | Noticed Terence
  2363 | D:3      | Killed Terence
  2572 | D:3      | Found Qomuar's Assorted Antiques.
  2609 | D:3      | Found a runed translucent door.
  2610 | D:3      | Noticed Crazy Yiuf
  2619 | D:3      | Killed Crazy Yiuf
  2620 | D:3      | Reached XP level 6. HP: 34/34 MP: 14/17
  2628 | D:3      | Identified the +3 hammer of the Bouncing Princes {freeze,
                  | Str+4 SInv}
  3043 | D:4      | Found a glowing silver altar of Zin.
  3085 | D:4      | Reached skill level 1 in Poison Magic
  3438 | D:4      | Reached skill level 1 in Air Magic
  3446 | D:4      | Reached skill level 7 in Spellcasting
  3569 | D:5      | Entered Level 5 of the Dungeon
  3639 | D:5      | Found a staircase to the Ecumenical Temple.
  3648 | Temple   | Entered the Ecumenical Temple
  3906 | D:5      | Noticed roninjake's ghost (novice GnWn)
  3939 | D:5      | Reached XP level 7. HP: 34/39 MP: 20/20
  4051 | D:5      | Found a transporter.
  4101 | D:5      | Found a sparkling altar of Nemelex Xobeh.
  4228 | D:5      | Found a transporter.
  4265 | D:5      | Reached skill level 8 in Spellcasting
  4276 | D:5      | You fall into a shaft and drop 3 floors!
  4279 | D:8      | Noticed a troll
  4319 | D:8      | Killed a troll
  4348 | D:8      | Reached XP level 8. HP: 14/44 MP: 22/22
  4517 | D:8      | Reached skill level 9 in Spellcasting
  4741 | D:8      | Found a staircase to the Lair.
  4918 | D:8      | Reached skill level 5 in Conjurations
  5089 | D:8      | Found Giekk's Magic Scroll Emporium.
  5098 | D:8      | Found Coeb Kis's Magic Scroll Emporium.
  5123 | D:8      | Reached skill level 10 in Spellcasting
  5330 | D:8      | Found Wigei's General Store.
  5379 | D:8      | Found a transporter.
  5379 | D:8      | Found a transporter.
  5391 | D:8      | Noticed Beryl's ghost (novice MiFi)
  5455 | D:8      | Found Zannohugh's Jewellery Shoppe.
  5707 | D:8      | Reached XP level 9. HP: 46/48 MP: 20/25
  5769 | D:8      | Found Ytegiemo's Weapon Emporium.
  6223 | D:7      | Reached skill level 5 in Summonings
  6245 | D:7      | Reached skill level 11 in Spellcasting
  6298 | D:7      | Found a flagged portal.
  6366 | Bailey   | Entered a bailey
  6621 | Bailey   | Noticed an orc knight
  6874 | Bailey   | Learned a level 4 spell: Summon Ice Beast
  6900 | Bailey   | Killed an orc knight
  7254 | D:7      | Reached skill level 12 in Spellcasting
  7421 | D:7      | Slain by a wight

Illustrated notes

Levels and vault maps discovered:
D:1:      spicycebolla_arrival_clurvy, layout_basic,
          chequers_serial_rivers_micro_d
D:2:      layout_rooms, basic_ecumenical_altar, minmay_tromino_v4_a
D:3:      layout_basic, serial_shops, nicolae_square_shop, uniq_terence,
          uniq_crazy_yiuf_cottage
D:4:      layout_basic, zin_statuary
D:5:      layout_gridville, lemuel_coloured_pillars_altar,
          nemelex_spade_bored_becter, minmay_temple_entry_waves,
          gammafunk_ghost_stat_death
D:7:      layout_gridville, enter_bailey_2
D:8:      layout_basic, erik_lair_island, gammafunk_ghost_gnarly_gnolls,
          serial_shops, nicolae_diamond_shop, kennysheep_mini_moat,
          nicolae_shop_waterfront, nicolae_diamond_shop,
          nicolae_shop_statue_plus, minmay_nine_imps
Temple:   nicolae_temple_great_sept

Skill      XL: |  1  2  3  4  5  6  7  8  9 |
---------------+----------------------------+-----
Spellcasting   | 5 6 7 8 10 12 | 12.0
Conjurations   | 2 3 4 5 6 |  6.6
Fighting       | 1 2 |  2.0
Armour         | 1 2 |  2.8
Dodging        | 3 |  3.2
Shields        | 1 2 3 |  3.0
Poison Magic   | 1 |  1.0
Stealth        | 3 |  3.0
Air Magic      | 1 |  1.1
Summonings     | 2 3 4 5 |  5.8
Translocations | |  1.1

Action                     |  1- 3 |  4- 6 |  7- 9 || total
---------------------------+-------+-------+-------++-------
  Melee: Dagger            |    25 |     2 |       ||    27
         Mace              |       |    43 |   214 ||   257
         Punch             |       |       |     2 ||     2
   Cast: Magic Dart        |    87 |   107 |   153 ||   347
         Mephitic Cloud    |     1 |    11 |    46 ||    58
         Call Imp          |     1 |     3 |     9 ||    13
         Summon Ice Beast  |       |       |     5 ||     5
         Blink             |       |       |     3 ||     3
   Stab: Confused          |     1 |     3 |    18 ||    22
         Distracted        |     1 |       |       ||     1
         Sleeping          |       |     1 |       ||     1
 Armour: Robe              |     2 |    17 |       ||    19
         Leather armour    |       |       |    49 ||    49
  Dodge: Dodged            |    31 |    78 |   225 ||   334

Table legend: (Time is in decaauts)
 A = Elapsed time spent in this place.
 B = Non-inter-level travel time spent in this place.
 C = Inter-level travel time spent in this place.
 D = Time resting spent in this place.
 E = Time spent auto-exploring this place.
 F = Levels seen in this place.
 G = Mean time per level.
                   A        B        C        D        E       F      G
               +--------+--------+--------+--------+--------+-----+--------+
         Total |   7532 |   7260 |    272 |    926 |   4644 |   9 |  836.9 |
       Dungeon |   6679 |   6419 |    260 |    793 |   4172 |   7 |  954.1 |
        Temple |     86 |     74 |     12 |      0 |     63 |   1 |   86.0 |
        Bailey |    766 |    766 |      0 |    133 |    409 |   1 |  766.0 |
               +--------+--------+--------+--------+--------+-----+--------+

Top non-repeatable levels by time:
     D:8: 1867 daAuts
     D:1: 1178 daAuts
     D:3: 868 daAuts
     D:2: 815 daAuts
  Bailey: 766 daAuts
     D:4: 711 daAuts
     D:5: 641 daAuts
     D:7: 595 daAuts
  Temple: 86 daAuts
